 Dungeon Crawl Stone Soup version 0.31-a0-986-g5e6e4ef867 (webtiles) character file.

Game seed: 7053594780093570166

2200 p00ps00p the Blocker (level 9, -2/71 HPs)
             Began as a Formicid Fighter on Nov 11, 2023.
             Was an Initiate of Gozag.
             Slain by an ogre
             ... wielding a +0 giant spiked club
              (19 damage)
             ... on level 6 of the Dungeon.
             The game lasted 00:08:57 (6411 turns).

p00ps00p the Blocker (Formicid Fighter)             Turns: 6411, Time: 00:08:57

Health: -2/71      AC: 10    Str: 25    XL:     9   Next: 60%
Magic:  9/9        EV: 10    Int:  8    God:    Gozag
Gold:   551        SH:  7    Dex: 23    Spells: 8/8 levels left

rFire   x . .        l - +4 hand axe
rCold   . . .        c - +0 buckler
rNeg    . . .        g - +3 ring mail of Niel {rPois rF- Dex+4}
rPois   +            (helmet unavailable)
rElec   .            (no cloak)
rCorr   .            e - +0 pair of gloves
SInv    +            (no boots)
Will    +....        (no amulet)
Stlth   +++          b - +6 ring of dexterity
HPRegen 0.31/turn    a - ring of willpower
MPRegen 0.11/turn

%: no passive effects
@: gold aura
A: permanent stasis, dig shafts and tunnels, antennae 3, four strong arms
a: Dig, Shaft Self, Renounce Religion, Potion Petition, Call Merchant, Bribe
Branch


You were on level 6 of the Dungeon.
You worshipped Gozag.
Gozag was pleased with you.
You visited 2 branches of the dungeon, and saw 7 of its levels.

You collected 621 gold pieces.
You paid 70 gold pieces to Gozag.

Inventory:

Hand Weapons
 l - a +4 hand axe (weapon)
Armour
 c - a +0 buckler (worn)
 e - a +0 pair of gloves (worn)
 g - the +3 ring mail of Niel (worn) {rPois rF- Dex+4}
   (You found it on level 2 of the Dungeon)

   Dex+4:     It affects your dexterity (+4).
   rF-:       It makes you vulnerable to fire.
   rPois:     It protects you from poison
Jewellery
 a - a ring of willpower (right hand)
 b - a +6 ring of dexterity (left hand)
 n - a +4 ring of protection
Wands
 k - a wand of paralysis (8)
Potions
 d - 3 potions of might
 f - a potion of ambrosia {unknown}
 h - 6 potions of curing
 i - 2 potions of brilliance
 j - a potion of lignification {unknown}
 m - a potion of resistance {unknown}
 o - a potion of haste {unknown}
 p - a potion of heal wounds {unknown}


   Skills:
 + Level 6.9 Fighting
 + Level 5.7 Axes
 + Level 6.8 Armour
 + Level 6.7 Stealth
 + Level 8.1 Shields


You had 8 spell levels left.
You didn't know any spells.
Your spell library contained the following spells:

 Spells                   Type           Power      Damage    Failure   Level
 Cigotuvi's Dreadful Rot  Necr/Pois/Air  0%         N/A       73%         2
 Ensorcelled Hibernation  Hex/Ice        0%         N/A       73%         2
 Passwall                 Tmut/Erth      0%         N/A       73%         2
 Gell's Gravitas          Tloc           0%         N/A       91%         3
 Ignite Poison            Fire/Tmut/Pois 0%         N/A       91%         3
 Teleport Other           Tloc           0%         N/A       91%         3
 Tukima's Dance           Hex            0%         N/A       91%         3
 Dimensional Bullseye     Hex/Tloc       0%         N/A       100%        4
 Iskenderun's Mystic Bla  Conj/Tloc      0%         2d3       100%        4
 Freezing Cloud           Conj/Ice/Air   0%         6-21      100%        5
 Dispersal                Tloc           0%         N/A       100%        6
 Swiftness                Air            Unusable   N/A       N/A         3

Dungeon Overview and Level Annotations

Branches:
Dungeon (6/15)             Temple (1/1) D:4

Altars:
Ashenzari
Cheibriados
Dithmenos
Fedhas
Gozag
Hepliaklqana
Kikubaaqudgha
Makhleb
Nemelex Xobeh
Okawaru
Ru
Sif Muna
Uskayaw
Xom
Yredelemnul
Zin
The Shining One

Shops:
D:1 :   D:2 :   D:3 (

Portals:
Abyss: D:3

Annotations:
D:3 2 transporters, Zxelo's ghost, amateur MiBe
D:6 3 runed translucent doors, DocClef's ghost, novice TrSh


Innate Abilities, Weirdness & Mutations

You cannot be hasted, slowed, berserked, paralysed or teleported.
You can dig through walls and to a lower floor.
You have a pair of large antennae on your head. (SInv)
Your four strong arms can wield two-handed weapons with a shield.


Message History

No target in view!
You sense a monster nearby.
Found a stone staircase leading down.
An ogre comes into view. It is wielding a +0 giant spiked club.
An ogre is nearby!
Found a scroll of identify.
A hound comes into view.
A hound comes into view.
An ogre and a white imp come into view.
Found an iridescent sling.
Found a glowing silver altar of Zin.
The hound barks!
You hear an angry hiss.
An orc priest comes into view. It is wielding a +0 club.
You hear an angry hiss.
The ogre shouts!
An adder comes into view.
The white imp shouts, "Decamp, thou puny crook-pated pigeon-egg!"
The ogre hits you with a +0 giant spiked club!!
The ogre shouts!
You slash the ogre!
The ogre is moderately wounded.
You slash the orc priest! You closely miss the hound.
The hound bites you but does no damage. The hound bites you.
An adder comes into view.
You block the orc priest's attack.
You hit the orc priest.
The orc priest is severely wounded.
You hit the ogre. You completely miss the hound. You barely miss the ogre.
You block the hound's attack. You block the ogre's attack.
The ogre hits you with a +0 giant spiked club.
The orc priest barely misses you.
You hit the orc priest.
You kill the orc priest!
You slash the ogre! You hit the ogre. You hit the hound. The hound misses you.
You block the hound's attack.
The ogre hits you with a +0 giant spiked club!!
* * * LOW HITPOINT WARNING * * *
The adder bites you but does no damage.
You are too injured to fight recklessly!
The ogre hits you with a +0 giant spiked club!!
You die...
Your body crumbles into a pile of gold.

#.# ####.....# #.
#.# ##....# ##
#.########....### #
#...............###
##......###.####...#
##..####.#
#...####.. ##....##
# ###.# ##. #....#?#
#.# ## #..###@.##
#.# # #.# #Oh..# #.#
# ... #..OS## #.# #
### #_85S.. #.# .
#..h.##.. #.# .
##...# ... ..# .#..#
## ###)# #.


You could see 2 ogres, 2 hounds, 2 adders and a white imp.

Vanquished Creatures
  Pikel (D:4)
  A water moccasin (D:5)
  2 black bears (D:4)
  5 ogres
  A centaur (D:5)
  A lemure (D:4)
  A phantom (D:4)
  4 scorpions (D:5)
  A howler monkey (D:4)
  2 jellies
  2 hounds
  6 orc priests
  A sleepcap (D:6)
  An orc wizard (D:3)
  4 iguanas
  4 gnolls (D:5)
  2 adders
  A shadow imp (D:3)
  3 dart slugs (D:3)
  19 orcs
  4 ball pythons
  4 endoplasms
  7 giant cockroaches
  10 goblins
  5 hobgoblins
  A jackal (D:2)
  11 kobolds
  11 quokkas
  5 bats
  3 frilled lizards
  4 rats
127 creatures vanquished.

Notes
Turn   | Place    | Note
-------+----------+-------------------------------------------
     0 | D:1      | p00ps00p the Formicid Fighter began the quest for the Orb.
     0 | D:1      | Reached XP level 1. HP: 18/18 MP: 1/1
    97 | D:1      | Reached XP level 2. HP: 22/24 MP: 2/2
   302 | D:1      | Found a faded altar of an unknown god.
   383 | D:1      | Reached XP level 3. HP: 27/29 MP: 3/3
   470 | D:1      | Found Otwoxuyr's Book Shoppe.
   850 | D:2      | Found Foibraj's Book Shoppe.
  1026 | D:2      | Reached XP level 4. HP: 34/37 MP: 4/4
  1048 | D:2      | Found a broken altar of Ashenzari.
  1063 | D:2      | Identified the +3 ring mail of Niel {rPois rF- Dex+4}
  1230 | D:2      | Reached skill level 1 in Stealth
  2218 | D:3      | Reached XP level 5. HP: 20/42 MP: 5/5
  2585 | D:3      | Found a one-way gate to the infinite horrors of the Abyss.
  2585 | D:3      | Noticed Zxelo's ghost (amateur MiBe)
  2610 | D:3      | Reached skill level 5 in Shields
  2616 | D:3      | Reached XP level 6. HP: 40/48 MP: 6/6
  3001 | D:3      | Found Baotrisha's Antique Weapon Boutique.
  3081 | D:3      | Found a transporter.
  3082 | D:3      | Found a transporter.
  3275 | D:4      | Found a staircase to the Ecumenical Temple.
  3283 | D:4      | Noticed Pikel
  3299 | D:4      | Killed Pikel
  3300 | D:4      | Reached skill level 5 in Fighting
  3300 | D:4      | Reached skill level 5 in Armour
  3300 | D:4      | Reached skill level 6 in Shields
  3300 | D:4      | Reached XP level 7. HP: 13/56 MP: 7/7
  3568 | Temple   | Entered the Ecumenical Temple
  3576 | Temple   | Became a worshipper of Gozag Ym Sagoz the Greedy
  3617 | D:4      | Reached XP level 8. HP: 62/62 MP: 8/8
  3942 | D:4      | Reached skill level 5 in Stealth
  4013 | D:4      | Reached skill level 7 in Shields
  4429 | D:4      | Found a shadowy altar of Dithmenos.
  4429 | D:4      | Found a glowing golden altar of the Shining One.
  4587 | D:5      | Entered Level 5 of the Dungeon
  4773 | D:5      | Found a shadowy altar of Dithmenos.
  4782 | D:5      | Reached skill level 5 in Axes
  4782 | D:5      | Reached XP level 9. HP: 65/69 MP: 9/9
  5578 | D:5      | Found a hide-covered altar of Uskayaw.
  5797 | D:5      | Found a shimmering altar of Xom.
  5981 | D:5      | Reached skill level 8 in Shields
  6190 | D:6      | Found an iron altar of Okawaru.
  6310 | D:6      | Found a runed translucent gate.
  6310 | D:6      | Found a runed translucent gate.
  6310 | D:6      | Found a runed translucent gate.
  6312 | D:6      | Noticed DocClef's ghost (novice TrSh)
  6406 | D:6      | Found a glowing silver altar of Zin.
  6411 | D:6      | Slain by an ogre

Illustrated notes

Levels and vault maps discovered:
D:1:      sevenhm_arrival_forest_fort_small_3, layout_loops_ring,
          ebering_ecumenical_altar_webs, serial_shops, shop
D:2:      minmay_chambers_of_ones, layout_loops_ring, basic_altar, serial_shops,
          nicolae_shop_crystal
D:3:      layout_basic, gammafunk_ghost_abyssal_escape, serial_shops, shop
D:4:      minmay_opposing_rooms, layout_basic, gammafunk_temple_overflow_pools,
          minmay_temple_entry_statues, uniq_pikel
D:5:      layout_basic, eat_drink_and_be_merry_uskayaw,
          hangedman_feature_mirror, kennysheep_donut
D:6:      layout_basic, vehumet_altar_wand_db, mainiacjoe_overflow_tiny_flanked,
          gammafunk_ghost_split, minmay_ruined_shrine
Temple:   nicolae_temple_x_marks_the_god

Skill      XL: |  1  2  3  4  5  6  7  8  9 |
---------------+----------------------------+-----
Stealth        | 1 2 4 5 6 |  6.7
Fighting       | 4 5 6 |  6.9
Armour         | 4 5 6 |  6.8
Shields        | 5 6 7 8 |  8.1
Axes           | 3 4 5 |  5.7

Action                     |  1- 3 |  4- 6 |  7- 9 || total
---------------------------+-------+-------+-------++-------
  Melee: War axe           |    89 |    13 |       ||   102
         Hand axe          |       |    93 |   167 ||   260
    Use: Scroll            |     2 |     4 |     5 ||    11
         Potion            |       |     3 |     2 ||     5
   Stab: Sleeping          |       |     4 |     8 ||    12
 Armour: Scale mail        |    58 |       |       ||    58
         Ring mail         |       |    72 |   101 ||   173
  Dodge: Dodged            |    36 |    60 |    59 ||   155
  Block: Buckler           |    21 |    32 |    65 ||   118

Table legend: (Time is in decaauts)
 A = Elapsed time spent in this place.
 B = Non-inter-level travel time spent in this place.
 C = Inter-level travel time spent in this place.
 D = Time resting spent in this place.
 E = Time spent auto-exploring this place.
 F = Levels seen in this place.
 G = Mean time per level.
                   A        B        C        D        E       F      G
               +--------+--------+--------+--------+--------+-----+--------+
         Total |   6483 |   6205 |    278 |   1987 |   3108 |   7 |  926.1 |
       Dungeon |   6470 |   6199 |    271 |   1987 |   3108 |   6 | 1078.3 |
        Temple |     12 |      5 |      7 |      0 |      0 |   1 |   12.0 |
               +--------+--------+--------+--------+--------+-----+--------+

Top non-repeatable levels by time:
     D:5: 1580 daAuts
     D:4: 1308 daAuts
     D:2: 1299 daAuts
     D:3: 1114 daAuts
     D:1: 918 daAuts
     D:6: 248 daAuts
  Temple: 12 daAuts
